 Dungeon Crawl Stone Soup version 0.31-a0-625-gc9c7e45f3f (webtiles) character file.

Game seed: 11103239785138478746

1687 Ijustatesigmund the Trooper (level 9, -1/57 HPs)
             Began as a Gargoyle Fighter on Aug 24, 2023.
             Was an Initiate of the Shining One.
             Slain by a gnoll
             ... wielding a +0 spear
             ... led by a gnoll bouda
              (2 damage)
             ... on level 7 of the Dungeon.
             The game lasted 00:07:35 (5762 turns).

Ijustatesigmund the Trooper (Gargoyle Fighter)      Turns: 5762, Time: 00:07:35

Health: -1/57      AC: 13    Str: 28    XL:     9   Next: 2%
Magic:  12/12      EV:  9    Int: 11    God:    the Shining One [......]
Gold:   240        SH:  8    Dex:  9    Spells: 8/8 levels left

rFire   . . .        a - +1 morningstar
rCold   . . .        c - +0 kite shield
rNeg    + . .        b - +0 scale mail
rPois   ∞            (no helmet)
rElec   +            (no cloak)
rCorr   .            (no gloves)
SInv    .            (no boots)
Will    .....        (no amulet) Stlth
                     h - +6 ring of strength
HPRegen 0.29/turn    (no ring)
MPRegen 0.13/turn

%: no passive effects
@: hasted, glowing, very quick
A: sickness immunity, AC +6, negative energy resistance 1, electricity
resistance, torment resistance 1, petrification resistance
a: Renounce Religion


You were on level 7 of the Dungeon.
You worshipped the Shining One.
The Shining One was noncommittal.
You visited 2 branches of the dungeon, and saw 8 of its levels.

You collected 240 gold pieces.

Inventory:

Hand Weapons
 a - a +1 morningstar (weapon)
Armour
 b - a +0 scale mail (worn)
 c - a +0 kite shield (worn)
Jewellery
 h - a +6 ring of strength (left hand)
Talismans
 f - a beast talisman
Wands
 p - a wand of acid (6)
Scrolls
 e - 7 scrolls of identify
 g - a scroll of teleportation
 k - a scroll of enchant weapon
 m - a scroll of acquirement {unknown}
 n - a scroll of blinking {unknown}
 t - a scroll of enchant armour {unknown}
Potions
 d - a potion of curing {unknown}
 j - a potion of resistance
 l - 2 potions of haste
 o - 2 potions of mutation
 q - a potion of magic
 r - a potion of brilliance {unknown}
 s - a potion of attraction {unknown}
 u - a potion of berserk rage {unknown}
 v - a potion of cancellation {unknown}


   Skills:
 + Level 7.4 Fighting
 + Level 6.3 Maces & Flails
 - Level 5.2 Armour
 - Level 5.2 Shields
 + Level 4.9 Invocations


You had 8 spell levels left.
You didn't know any spells.
Your spell library contained the following spells:

 Spells                   Type           Power      Damage    Failure   Level
 Frozen Ramparts          Ice            0%         1d1       99%         3
 Petrify                  Tmut/Erth      0%         N/A       100%        4
 Metabolic Englaciation   Hex/Ice        0%         N/A       100%        5


Dungeon Overview and Level Annotations

Branches:
Dungeon (7/15)             Temple (1/1) D:5

Altars:
Ashenzari
Cheibriados
Dithmenos
Elyvilon
Fedhas
Gozag
Hepliaklqana
Kikubaaqudgha
Nemelex Xobeh
Okawaru
Qazlal
Ru
Sif Muna
Trog
Uskayaw
Vehumet
Wu Jian
Xom
Yredelemnul
Zin
The Shining One

Shops:
D:7 !


Innate Abilities, Weirdness & Mutations

You are immune to sickness and miasma.
Your stone body is resilient. (AC +6)
You are immune to poison.
You resist negative energy. (rN+)
You are resistant to electric shocks. (rElec)
You are resistant to unholy torment.
You are immune to petrification.


Message History

You barely miss the gnoll bouda. You block the gnoll bouda's attack.
The gnoll hits you but does no damage. The gnoll barely misses you.
You completely miss the jelly. The gnoll barely misses you.
The jelly barely misses you.
The gnoll hits you from afar with a +0 spear.
You puncture the jelly!
Your hands burn!
The jelly is almost dead.
The gnoll bouda hits you with a +0 whip.
You block the jelly's attack. The gnoll barely misses you. x2
The gnoll closely misses you. The jelly hits you but does no damage.
The gnoll hits you but does no damage.
The gnoll bouda hits you with a +0 whip!
* * * LOW HITPOINT WARNING * * *
You sock the jelly!
You kill the jelly!
The gnoll bouda hits you with a +0 whip.
* * * LOW HITPOINT WARNING * * *
You block the gnoll's attack. The gnoll hits you but does no damage.
You barely miss the gnoll bouda.
Your attacks no longer feel as feeble.
The gnoll bouda hits you but does no damage.
You block the gnoll's attack. The gnoll completely misses you.
You sock the gnoll bouda!
The gnoll bouda is heavily wounded.
The gnoll bouda closely misses you. The gnoll closely misses you.
The gnoll hits you from afar with a +0 spear.
* * * LOW HITPOINT WARNING * * *
You barely miss the gnoll bouda.
The gnoll bouda is heavily wounded.
The gnoll bouda hits you with a +0 whip.
* * * LOW HITPOINT WARNING * * *
The gnoll barely misses you. The gnoll closely misses you.
The gnoll hits you but does no damage. x2
The gnoll bouda hits you but does no damage.
It was a potion of haste.
You feel yourself speed up. You block the gnoll bouda's attack.
The gnoll hits you from afar with a +0 spear!
* * * LOW HITPOINT WARNING * * *
The gnoll hits you from afar with a +0 spear.
You die...

#.......# .
#.......#
#>#..:....#
.#.#...∩...
..........
## #.......
..##
#....†.#
.....
#...<#......
#..g@.g.#
#....##..#
#...#g# g...
#....#g. #.#
......... .
.#... ....
#... ....
... ......


You could see a gnoll bouda and 3 gnolls.

Vanquished Creatures
  Sigmund (D:2)
  4 yaks (D:6)
  A sky beast (D:7)
  A scorpion (D:5)
  A bullfrog (D:7)
  2 wights (D:6)
  3 hounds
  A jelly (D:7)
  2 orc priests
  2 sleepcaps
  Terence (D:2)
  4 iguanas
  3 orc wizards
  3 gnolls (D:3)
  9 adders
  A dart slug (D:3)
  12 orcs
  5 bats
  7 endoplasms
  4 giant cockroaches
  6 hobgoblins
  3 quokkas
  10 ball pythons
  3 frilled lizards
  4 goblins
  7 kobolds
  7 rats
107 creatures vanquished.

Notes
Turn   | Place    | Note
-------+----------+-------------------------------------------
     0 | D:1      | Ijustatesigmund the Gargoyle Fighter began the quest for
                  | the Orb.
     0 | D:1      | Reached XP level 1. HP: 14/14 MP: 1/1
   165 | D:1      | Reached XP level 2. HP: 19/19 MP: 2/2
   530 | D:1      | Reached XP level 3. HP: 23/23 MP: 3/3
  1082 | D:2      | Noticed Sigmund
  1102 | D:2      | Killed Sigmund
  1103 | D:2      | Reached skill level 4 in Fighting
  1103 | D:2      | Reached XP level 4. HP: 17/30 MP: 4/4
  1103 | D:2      | Reached XP level 5. HP: 19/34 MP: 5/5
  1294 | D:2      | Reached XP level 6. HP: 19/39 MP: 6/6
  1674 | D:2      | Noticed Terence
  1687 | D:2      | Killed Terence
  2993 | D:4      | Reached skill level 5 in Armour
  2993 | D:4      | Reached skill level 5 in Shields
  2995 | D:4      | Reached skill level 5 in Fighting
  3359 | D:4      | Reached XP level 7. HP: 44/44 MP: 7/7
  3919 | D:5      | Entered Level 5 of the Dungeon
  3940 | D:5      | Found a staircase to the Ecumenical Temple.
  3966 | Temple   | Entered the Ecumenical Temple
  4120 | Temple   | Became a worshipper of the Shining One
  4317 | D:5      | Reached skill level 1 in Invocations
  5438 | D:6      | Noticed a yak
  5438 | D:6      | Noticed a yak
  5438 | D:6      | Noticed a yak
  5439 | D:6      | Noticed a yak
  5448 | D:6      | Killed a yak
  5449 | D:6      | Reached skill level 6 in Fighting
  5449 | D:6      | Reached skill level 5 in Maces & Flails
  5449 | D:6      | Reached XP level 8. HP: 40/51 MP: 8/10
  5453 | D:6      | Killed a yak
  5459 | D:6      | Killed a yak
  5462 | D:6      | Killed a yak
  5723 | D:6      | Reached skill level 7 in Fighting
  5745 | D:7      | Found Eppics's Distillery.
  5755 | D:7      | Reached XP level 9. HP: 32/57 MP: 12/12
  5762 | D:7      | HP: 1/57 [gnoll/+0 spear[a gnoll bouda] (7)]
  5762 | D:7      | Slain by a gnoll

Illustrated notes

Levels and vault maps discovered:
D:1:      orjb1_lava_funnel, layout_basic
D:2:      layout_loops_ring, minmay_misc_feat_columns, kennysheep_potato,
          uniq_sigmund, uniq_terence
D:3:      layout_basic, chequers_serial_rivers_room_a,
          chequers_serial_rivers_micro_d
D:4:      layout_basic, serial_bayou, serial_bayou_crossing,
          serial_bayou_pond_e, serial_bayou_lagoon_a, serial_bayou_pond_a
D:5:      layout_cave_pods, minmay_temple_entry_grid,
          corexii_item_surrounded_by_moat, kennysheep_generic_room_14
D:6:      minmay_clustersquares, layout_basic
D:7:      layout_rooms, serial_shops, shop, gammafunk_ghost_stat_death,
          minmay_holes
Temple:   mainiacjoe_temple_trianglar_array

Skill      XL: |  1  2  3  4  5  6  7  8 |
---------------+-------------------------+-----
Fighting       | 4 5 6 7 |  7.4
Maces & Flails | 3 5 6 |  6.3
Armour         | 4 5 |  5.2
Shields        | 4 5 |  5.2
Invocations    | 2 4 |  4.9

Action                     |  1- 3 |  4- 6 |  7- 9 || total
---------------------------+-------+-------+-------++-------
  Melee: Flail             |   123 |   171 |     1 ||   295
         Morningstar       |       |       |   142 ||   142
    Use: Potion            |     1 |       |     3 ||     4
         Scroll            |       |       |    10 ||    10
 Armour: Scale mail        |    69 |   126 |    93 ||   288
  Dodge: Dodged            |    64 |    96 |    85 ||   245
  Block: Kite shield       |    66 |   114 |    72 ||   252

Table legend: (Time is in decaauts)
 A = Elapsed time spent in this place.
 B = Non-inter-level travel time spent in this place.
 C = Inter-level travel time spent in this place.
 D = Time resting spent in this place.
 E = Time spent auto-exploring this place.
 F = Levels seen in this place.
 G = Mean time per level.
                   A        B        C        D        E       F      G
               +--------+--------+--------+--------+--------+-----+--------+
         Total |   5947 |   5697 |    250 |   1471 |   3255 |   8 |  743.4 |
       Dungeon |   5769 |   5562 |    207 |   1356 |   3255 |   7 |  824.1 |
        Temple |    177 |    134 |     43 |    115 |      0 |   1 |  177.0 |
               +--------+--------+--------+--------+--------+-----+--------+

Top non-repeatable levels by time:
     D:2: 1406 daAuts
     D:5: 1283 daAuts
     D:4: 1153 daAuts
     D:1: 862 daAuts
     D:3: 637 daAuts
     D:6: 404 daAuts
  Temple: 177 daAuts
     D:7: 20 daAuts
